 Dungeon Crawl Stone Soup version bcrawl-1.12.2 (webtiles) character file.

Game seed: 8694999112325182562

25 MisterOstroum the Sneak (level 2, 0/22 HPs)
             Began as a Demonspawn Archaeologist on July 17, 2019.
             Succumbed to an adder's poison
             ... on level 1 of the Dungeon.
             The game lasted 00:01:47 (976 turns).

MisterOstroum the Sneak (Demonspawn Archaeologist)   Turns: 976, Time: 00:01:48

Health: 0/22       AC:  6    Str: 10 (11) XL:     2   Next: 86%
Magic:  2/2        EV: 12    Int: 12 (15) God:
Gold:   66         SH:  0    Dex:  9 (11) Spells: 1/1 levels left

rFire    . . .     SeeInvis .   a - +0 whip
rCold    . . .     Gourm    .   (no shield)
rNeg     . . .     Faith    .   b - +1 robe
rPois    .         Spirit   +   c - +1 hat
rElec    .         Reflect  .   (no cloak)
rCorr    .         Harm     .   (no gloves)
MR       .....                  d - +1 pair of boots
Stlth    ++........             (no amulet)
HPRegen  0.07/turn              (no ring)
MPRegen  0.08/turn              (no ring)

@: lethally poisoned (0 -> -3)
A: magic shield
a: no special abilities


You were on level 1 of the Dungeon.
You were not hungry.

You visited 1 branch of the dungeon, and saw 2 of its levels.

You collected 66 gold pieces.

Inventory:

Hand Weapons
 a - a +0 whip (weapon)
Missiles
 h - 106 stones (quivered)
 m - 66 tomahawks
 o - 126 javelins
Armour
 b - a +1 robe (worn)
 c - a +1 hat (worn)
 d - a +1 pair of boots (worn)
Jewellery
 n - a +3 ring of slaying {unknown}
Scrolls
 k - a scroll of fog {unknown}
 l - 2 scrolls of remove curse {unknown}
Miscellaneous
 f - an ancient crate
 g - a dusty tome
Comestibles
 e - 4 rations {!d}


   Skills:
 * Level 2.0 Fighting
 * Level 1.8 Maces & Flails
 - Level 2.6 Dodging
 - Level 3.0 Stealth
 + Level 0.4 Evocations


You had one spell level left.
You didn't know any spells.
Your spell library was empty.

Dungeon Overview and Level Annotations

Branches:
Dungeon (2/12)

Altars:


Innate Abilities, Weirdness & Mutations

When hurt, damage is shared between your health and your magic reserves.


Message History

Throwing (i - inventory. (/) - cycle)
h - 107 stones (quivered)
Press: ? - help, Shift-Dir - straight line, f/p - adder
Aim: an adder You throw a stone.
The stone hits the adder but does no damage.
You barely miss the adder. The adder barely misses you.
You hit the adder.
The adder is moderately wounded.
The adder bites you but does no damage.
You closely miss the adder.
The adder is moderately wounded.
The adder bites you.
You are poisoned.
The adder poisons you! The adder bites you but does no damage.
You barely miss the adder.
The adder is moderately wounded.
You feel sick. The adder bites you but does no damage.
You hit the adder.
The adder is heavily wounded.
You feel sick. The frilled lizard closely misses you.
The adder barely misses you.
You closely miss the adder.
The adder is heavily wounded.
The adder misses you. The frilled lizard barely misses you.
The adder bites you but does no damage.
You feel sick.
You feel sick. The frilled lizard bites you.
There is a stone staircase leading up here.
The adder bites you.
You are more poisoned.
The adder poisons you! The frilled lizard closely misses you.
You climb upwards.
You feel sick.
There is a stone staircase leading down here.
You miss the adder.
The adder is heavily wounded.
The adder bites you but does no damage. The frilled lizard barely misses you.
You barely miss the adder.
The adder is heavily wounded.
You feel sick. The adder barely misses you.
The adder bites you but does no damage. The frilled lizard barely misses you.
You closely miss the adder.
The adder is heavily wounded.
The adder barely misses you. The frilled lizard closely misses you.
You closely miss the adder.
The adder is heavily wounded.
You feel sick. The adder bites you but does no damage.
The frilled lizard closely misses you.
You closely miss the adder.
The adder is heavily wounded.
The adder barely misses you. The frilled lizard barely misses you.
The adder misses you.
You hit the adder.
The adder is almost dead.
You feel sick. The adder closely misses you.
The frilled lizard barely misses you.
You closely miss the adder.
The adder is almost dead.
The adder misses you. The frilled lizard barely misses you.
You closely miss the adder.
The adder is almost dead.
You feel sick. The adder bites you but does no damage.
The frilled lizard barely misses you.
You closely miss the adder.
The adder is almost dead.
The adder bites you.
You are more poisoned.
The adder poisons you! The adder barely misses you.
The frilled lizard bites you.
You closely miss the adder.
The adder is almost dead.
The adder closely misses you. The frilled lizard bites you.
* * * LOW HITPOINT WARNING * * *
You hit the adder.
You kill the adder!
Your Fighting skill increases to level 2!
* * * LOW HITPOINT WARNING * * *
You feel sick. The frilled lizard barely misses you.
* * * LOW HITPOINT WARNING * * *
You feel sick.
It was a potion of degeneration.
There was something very wrong with that liquid.
You feel weakened.
You feel dopey.
You feel clumsy.
You hit the frilled lizard but do no damage.
* * * LOW HITPOINT WARNING * * *
You feel sick. The frilled lizard misses you.
You hit the frilled lizard.
The frilled lizard is heavily wounded.
The frilled lizard closely misses you.
You hit the frilled lizard.
You kill the frilled lizard!
* * * LOW HITPOINT WARNING * * *
You feel sick.
You see here a frilled lizard corpse.
There is a stone staircase leading down, spattered with blood here.
* * * LOW HITPOINT WARNING * * *
You feel sick.
* * * LOW HITPOINT WARNING * * *
You feel sick.
There is a stone staircase leading down, spattered with blood here.
You die...

#.# #.#
#..#.#...#.# #.#
#.# #..........#
#.# #.#
#.......#### #.#
#.#
#.......##########
#.# #.#
#................#
#.# #.#
#.#....#########.#
#.# #.# #.##.#.#
#.# #.# #.#
#.####.# #.# #.#
#.# #@# #.# #.#
#######.####.# #>#
#.# #.#
.............# #.#
#.# #.#
#######.######
#.####.# #.#
#.########......#
#.#
#..........######
#.# #########.##
#.# #.# #.# #.####
#.#


There were no monsters in sight!

Vanquished Creatures
  An adder (D:1)
  A leopard gecko (D:1)
  3 goblins
  3 hobgoblins (D:1)
  A bat (D:1)
  3 frilled lizards (D:1)
  A kobold (D:1)
  5 rats
18 creatures vanquished.

Notes
Turn   | Place    | Note
-------+----------+-------------------------------------------
     0 | D:1      | MisterOstroum the Demonspawn Archaeologist began the quest
                  | for the Orb.
     0 | D:1      | Reached XP level 1. HP: 15/15 MP: 1/1
    34 | D:1      | Reached skill level 1 in Maces & Flails
   397 | D:1      | Gained mutation: When hurt, damage is shared between your
                  | health and your magic reserves. [demonic ancestry]
   397 | D:1      | Reached XP level 2. HP: 16/21 MP: 2/2
   972 | D:1      | HP: 1/22 [poisoned by an adder]
   976 | D:1      | Succumbed to an adder's poison

Skill      XL: |  1  2 |
---------------+-------+-----
Maces & Flails | 1 |  1.8
Fighting       | 2 |  2.0
Dodging        | |  2.6
Stealth        | |  3.0
Evocations     | |  0.4

Action                   || total
-------------------------++-------
Melee: Whip              ||    54
Throw: Stone             ||    41
  Use: Potion            ||     1
Armor: Robe              ||    17
Dodge: Dodged            ||    39
